 Dungeon Crawl Stone Soup version 0.23.2-1-ga50397a (webtiles) character file.

Game seed: 7659228788409553383

49 MalarOregon the Magician (level 3, 0/26 HPs)
             Began as a Merfolk Wizard on May 19, 2019.
             Slain by a goblin
             ... wielding a +0 dagger
             ... led by Robin
              (1 damage)
             ... on level 3 of the Dungeon.
             The game lasted 00:05:06 (2304 turns).

MalarOregon the Magician (Merfolk Wizard)           Turns: 2304, Time: 00:05:07

Health: 0/26       AC:  2    Str: 12    XL:     3   Next: 77%
Magic:  7/7        EV: 10    Int: 23    God:
Gold:   147        SH:  7    Dex: 12    Spells: 3/8 levels left

rFire    . . .     SeeInvis .   f - +0 spear
rCold    . . .     Gourm    .   h - +0 shield
rNeg     . . .     Faith    .   a - +0 robe
rPois    .         Spirit   .   b - +0 hat
rElec    .         Reflect  .   (no cloak)
rCorr    .         Harm     +   (no gloves)
MR       .....                  (no boots)
Stlth    ++........             g - amulet of harm
HPRegen  0.08/turn              (no ring)
MPRegen  0.10/turn              (no ring)

@: mighty, brilliant, lethally poisoned (0 -> -2)
A: change form in water, swift swim, stealthy swim
a: no special abilities


You were on level 3 of the Dungeon.
You were not hungry.

You visited 1 branch of the dungeon, and saw 3 of its levels.

You collected 147 gold pieces.

Inventory:

Hand Weapons
 c - a +0 club
   (You took it off a hobgoblin on level 1 of the Dungeon)
 f - a +0 spear (weapon)
   (You found it on level 1 of the Dungeon)
Armour
 a - a +0 robe (worn)
 b - a +0 hat (worn)
 h - a +0 shield (worn)
   (You found it on level 1 of the Dungeon)
Jewellery
 g - an amulet of harm (around neck)
   (You found it on level 2 of the Dungeon)
Comestibles
 e - a ration {!d}
 j - 3 chunks of flesh


   Skills:
 + Level 1.2 Fighting
 + Level 1.1 Polearms
 + Level 3.1 Dodging
 + Level 2.6 Stealth
 * Level 0.8 Shields
 + Level 3.2 Spellcasting
 + Level 1.2 Conjurations
 + Level 1.2 Summonings
 - Level 0.7 Translocations


You had 3 spell levels left.
You knew the following spells:

 Your Spells              Type           Power        Failure   Level  Hunger
a - Magic Dart            Conj           ###.         4%          1    None
b - Blink                 Tloc           N/A          9%          2    ##.....
x - Call Imp              Summ           ###.....     8%          2    ##.....

Your spell library contained the following spells:

 Spells                   Type           Power        Failure   Level  Hunger
 Slow                     Hex            ###.....     12%         2    ##.....
 Conjure Flame            Conj/Fire      ###.....     17%         3    ###....
 Mephitic Cloud           Conj/Pois/Air  ###.....     19%         3    ###....


Dungeon Overview and Level Annotations

Branches:
Dungeon (3/15)

Altars:

Annotations:
D:3 Robin


Message History

The adder poisons you!
You miss the adder.
You feel sick. The adder closely misses you.
You hit the adder but do no damage. The adder bites you. x2
* * * LOW HITPOINT WARNING * * *
You are lethally poisoned!
The adder poisons you!
You barely miss the adder.
* * * LOW HITPOINT WARNING * * *
You feel sick. The adder closely misses you.
It was a potion of might.
You feel very mighty all of a sudden.
* * * LOW HITPOINT WARNING * * *
You feel sick. You block the adder's attack. The adder closely misses you.
It was a potion of brilliance.
You feel clever all of a sudden.
* * * LOW HITPOINT WARNING * * *
You feel sick. The adder closely misses you.
You hit the adder.
You kill the adder!
* * * LOW HITPOINT WARNING * * *
You feel sick.
Okay, then.
You aren't carrying any potions.
As you read the scroll labeled ERITEPL POIRAPS, it crumbles to dust.
You feel blessed for a moment.
It was a scroll of remove curse.
* * * LOW HITPOINT WARNING * * *
You feel sick.
* * * LOW HITPOINT WARNING * * *
You feel sick.
* * * LOW HITPOINT WARNING * * *
You feel sick.
* * * LOW HITPOINT WARNING * * *
You feel sick.
Found a stone staircase leading down.
Unknown command.
* * * LOW HITPOINT WARNING * * *
You feel sick.
There is a stone staircase leading down here.
You climb downwards. 9 goblins, 2 hobgoblins and Robin come into view.
Robin shouts!
The goblin shouts! x6
Found a scroll of remove curse, 17 bolts and a fuming red potion.
There is a stone staircase leading up here.
The goblin shouts!
You puncture the goblin!
You kill the goblin!
* * * LOW HITPOINT WARNING * * *
You feel sick. You block the goblin's attack.
The goblin hits you with a +0 dagger.
You die...

..........
#.........
#...!.....
#.....g...
#...(g.g..
#....g....
######.ggg.#
...?...@..#
######ggg.#
...g^.#
###....#
.....#
##.....
.......
#.......


You could see Robin, 2 hobgoblins and 8 goblins.

Vanquished Creatures
  An adder (D:2)
  6 goblins
  7 hobgoblins
  6 kobolds
  A quokka (D:2)
  7 bats (D:1)
  3 frilled lizards
  6 rats
37 creatures vanquished.

Vanquished Creatures (collateral kills)
  A worm (D:1)
1 creature vanquished.

Vanquished Creatures (others)
  4 toadstools (D:2)
4 creatures vanquished.

Grand Total: 42 creatures vanquished

Notes
Turn   | Place    | Note
-------+----------+-------------------------------------------
     0 | D:1      | MalarOregon the Merfolk Wizard began the quest for the Orb.
     0 | D:1      | Reached XP level 1. HP: 13/13 MP: 4/4
   389 | D:1      | Reached skill level 1 in Conjurations
   389 | D:1      | Reached XP level 2. HP: 20/20 MP: 0/6
   401 | D:1      | Learned a level 2 spell: Call Imp
   973 | D:1      | Learned a level 2 spell: Blink
   979 | D:1      | Reached XP level 3. HP: 25/25 MP: 7/7
  1665 | D:1      | Reached skill level 1 in Fighting
  1877 | D:2      | Reached skill level 1 in Polearms
  2303 | D:3      | Noticed Robin
  2304 | D:3      | HP: 1/26 [poisoned by an adder]
  2304 | D:3      | Slain by a goblin

Skill      XL: |  1  2  3 |
---------------+----------+-----
Conjurations   | 1 |  1.2
Dodging        | 3 |  3.1
Fighting       | 1 |  1.2
Polearms       | 1 |  1.1
Stealth        | |  2.6
Shields        | |  0.8
Spellcasting   | |  3.2
Summonings     | |  1.2
Translocations | |  0.7

Action                   || total
-------------------------++-------
Melee: Unarmed           ||     2
       Spear             ||   159
 Cast: Magic Dart        ||    25
       Call Imp          ||     1
  Use: Potion            ||     2
       Scroll            ||     1
 Stab: Sleeping          ||     2
  Eat: Chunk             ||     5
Armor: Robe              ||    26
Dodge: Dodged            ||    69
Block: Shield            ||    34
